 Dungeon Crawl Stone Soup version 0.25-a0-566-g062765be81 (console) character file.

Game seed: 17443144548666194047, levelgen mode: classic

6308 Duffy the Cleaver (level 10, 0/96 HPs)
             Began as a Naga Gladiator on Feb 27, 2020.
             Was a Believer of Makhleb.
             Slain by a gargoyle
             ... wielding a +0 morningstar
              (19 damage)
             ... on level 9 of the Dungeon.
             The game lasted 00:10:03 (9641 turns).

Duffy the Cleaver (Naga Gladiator)                  Turns: 9641, Time: 00:10:04

Health: 0/96       AC: 12    Str: 16    XL:     10   Next: 95%
Magic:  13/13      EV: 10    Int: 12    God:    Makhleb [**....]
Gold:   485        SH:  0    Dex: 13    Spells: 9/9 levels left

rFire    + . .     SeeInvis +   a - +2 war axe (vorpal)
rCold    . . .     Gourm    .   (no shield)
rNeg     . . .     Faith    .   k - +0 acid dragon scales
rPois    +         Spirit   .   c - +0 helmet
rElec    .         Reflect  .   E - +0 cloak
rCorr    +         Harm     .   l - +0 pair of gloves
MR       +....                  (no barding)
Stlth    +.........             b - amulet of regeneration
HPRegen  0.66/turn              u - ring of protection from fire
MPRegen  0.13/turn              (no ring)

@: very slow
A: large, see invisible, deformed body, poison resistance, slowness 2, slow
metabolism 1, spit poison 1, AC +3
a: Spit Poison, Minor Destruction, Renounce Religion


You were on level 9 of the Dungeon.
You worshipped Makhleb.
Makhleb was pleased with you.
You were hungry.

You visited 2 branches of the dungeon, and saw 10 of its levels.

You collected 485 gold pieces.

Inventory:

Hand Weapons
 a - a +2 vorpal war axe (weapon)
 F - a +1 morningstar of protection
Missiles
 d - 3 throwing nets (quivered)
Armour
 c - a +0 helmet (worn)
 k - +0 acid dragon scales (worn)
 l - a +0 pair of gloves (worn)
 o - a +0 plate armour
 E - a +0 cloak (worn)
Jewellery
 b - an amulet of regeneration (around neck)
 u - a ring of protection from fire (left hand)
Wands
 w - a wand of scattershot (5)
 z - a wand of flame (12)
 H - a wand of iceblast (4)
Scrolls
 e - 2 scrolls of blinking
 p - 4 scrolls of remove curse
 s - a scroll of immolation {unknown}
 t - 2 scrolls of enchant armour
 y - a scroll of fear
 A - a scroll of fog
 D - a scroll of silence {unknown}
Potions
 g - 2 potions of ambrosia
 h - 4 potions of heal wounds {unknown}
 i - 2 potions of berserk rage {unknown}
 j - 4 potions of cancellation
 m - 6 potions of curing
 n - 2 potions of lignification
 q - a potion of magic
 r - a potion of brilliance
 v - a potion of haste
 C - a potion of stabbing {unknown}
Comestibles
 f - 9 rations


   Skills:
 - Level 8.0 Fighting
 - Level 10.0 Axes
 - Level 1.7 Throwing
 + Level 7.6 Armour
 - Level 2.4 Dodging
 - Level 5.1 Evocations


You had 9 spell levels left.
You didn't know any spells.
Your spell library contained the following spells:

 Spells                   Type           Power        Failure   Level  Hunger
 Animate Skeleton         Necr           N/A          41%         1    ##.....
 Apportation              Tloc           #.....       41%         1    ##.....
 Corona                   Hex            #......      41%         1    ##.....
 Summon Small Mammal      Summ           #...         41%         1    ##.....


Dungeon Overview and Level Annotations

Branches:
Dungeon (9/15)             Temple (1/1) D:7
   Lair: D:8-11         Orc: D:9-12

Altars:
Ashenzari
Cheibriados
Dithmenos
Elyvilon
Fedhas
Gozag
Hepliaklqana
Kikubaaqudgha
Makhleb
Nemelex Xobeh
Okawaru
Qazlal
Ru
Sif Muna
Trog
Uskayaw
Vehumet
Wu Jian
Xom
Yredelemnul
Zin
The Shining One

Annotations:
D:8 3 runed translucent doors, hemabe's ghost, novice HuAr


Innate Abilities, Weirdness & Mutations

You cannot wear boots.
Your serpentine skin is tough. (AC +3)
You have supernaturally acute eyesight. (SInv)
Armour fits poorly on your strangely shaped body.
Your system is resistant to poisons. (rPois)
You cover ground very slowly.
You have a slow metabolism.
You can spit poison.


Message History

Evoke which item? (* to show all) (? for menu, Esc to quit)
Aiming: Scattershot
Press: ? - help, Shift-Dir - straight line, f/p - gargoyle
Aim: a gargoyle, wielding a +0 morningstar (moderately damaged)
The burst of metal fragments hits the gargoyle but does no damage. x8
The gargoyle is moderately damaged.
A killer bee comes into view.
Evoke which item? (* to show all) (? for menu, Esc to quit)
Aiming: Scattershot
Press: ? - help, Shift-Dir - straight line, f/p - gargoyle
Aim: a gargoyle, wielding a +0 morningstar (moderately damaged)
The burst of metal fragments hits the gargoyle but does no damage. x2
The burst of metal fragments hits the gargoyle.
The burst of metal fragments hits the gargoyle but does no damage.
The burst of metal fragments hits the gargoyle!
The burst of metal fragments hits the gargoyle but does no damage. x2
The gargoyle is severely damaged.
The killer bee buzzes angrily.
You hear an angry buzzing noise.
The gargoyle hits you with a +0 morningstar!!
You die...

....#.......# 7.7
u..........# 7.7
77.#......<.# 77 7.7
77..##.......#
.7777.7777%...Z.......#
#...
.}.....##)#########
##..7 77.7777..#.#
######..7 7.797.7 7...#
#......777.77@77.777..#
#...<.....777y777..%..#
#.........77...77...###
#.........7..#..7..##
#.................##
###################


You could see a gargoyle and a killer bee.

Vanquished Creatures
  A two-headed ogre (D:8)
  3 ugly things
  Maggie (D:9)
  A shadow (D:8)
  Duvessa (D:5)
  3 water moccasins
  3 orc warriors
  An ice beast (D:7)
  A hornet zombie (D:9)
  A necrophage (D:5)
  2 ogres (D:5)
  2 eyes of draining (D:3)
  5 centaurs
  4 bullfrogs
  Dowan (D:5)
  A scorpion (D:5)
  11 killer bees
  8 wights
  3 howler monkeys
  A crimson imp (D:5)
  A quasit (D:8)
  3 centaur zombies
  3 orc priests
  5 hounds
  A bullfrog skeleton (D:9)
  A jelly (D:8)
  2 iguanas
  3 worker ants
  4 orc wizards (D:8)
  A hound zombie (D:9)
  A hound skeleton (D:7)
  10 gnolls
  11 adders
  A shadow imp (D:8)
  An ooze (D:4)
  An adder skeleton (D:5)
  An adder zombie (D:6)
  2 worms
  4 dart slugs
  6 leopard geckos
  25 orcs
  4 giant cockroaches
  18 goblins
  13 hobgoblins
  7 jackals
  7 kobolds
  4 quokkas
  2 ball pythons
  8 bats
  5 frilled lizards
  A leopard gecko skeleton (D:4)
  A quokka zombie (D:5)
  4 rats
  A plant (D:2)
216 creatures vanquished.

Notes
Turn   | Place    | Note
-------+----------+-------------------------------------------
     0 | D:1      | Duffy the Naga Gladiator began the quest for the Orb.
     0 | D:1      | Reached XP level 1. HP: 19/19 MP: 1/1
   465 | D:1      | Reached XP level 2. HP: 26/26 MP: 2/2
   757 | D:1      | Reached skill level 4 in Axes
   772 | D:1      | Reached XP level 3. HP: 22/32 MP: 3/3
  1774 | D:2      | Reached XP level 4. HP: 34/39 MP: 4/4
  1990 | D:2      | Reached skill level 5 in Axes
  3018 | D:3      | Reached XP level 5. HP: 45/45 MP: 5/5
  3399 | D:3      | Found a bloodstained altar of Trog.
  3399 | D:3      | Noticed an eye of draining
  3399 | D:3      | Noticed an eye of draining
  3407 | D:3      | Reached skill level 6 in Axes
  3413 | D:3      | Killed an eye of draining
  3413 | D:3      | Reached XP level 6. HP: 50/52 MP: 1/6
  3418 | D:3      | Killed an eye of draining
  3418 | D:3      | Reached skill level 7 in Axes
  3704 | D:3      | Found a shimmering altar of Xom.
  4162 | D:4      | Found a glowing silver altar of Zin.
  4552 | D:4      | Reached XP level 7. HP: 54/60 MP: 7/7
  4647 | D:4      | Found a glowing golden altar of the Shining One.
  4700 | D:4      | Reached skill level 8 in Axes
  5099 | D:5      | Entered Level 5 of the Dungeon
  5251 | D:5      | Reached skill level 9 in Axes
  5256 | D:5      | Reached XP level 8. HP: 27/67 MP: 8/8
  5703 | D:5      | Reached skill level 10 in Axes
  5833 | D:5      | Found a hazy altar of Hepliaklqana.
  5834 | D:5      | Found a radiant altar of Vehumet.
  5834 | D:5      | Found a blossoming altar of Fedhas.
  5834 | D:5      | Found a burning altar of Makhleb.
  5834 | D:5      | Noticed Duvessa
  5834 | D:5      | Noticed Dowan
  5847 | D:5      | Killed Duvessa
  5866 | D:5      | Killed Dowan
  5884 | D:5      | Found a shadowy altar of Dithmenos.
  5884 | D:5      | Found an iron altar of Okawaru.
  5890 | D:5      | Became a worshipper of Makhleb the Destroyer
  6330 | D:6      | Reached skill level 1 in Armour
  6330 | D:6      | Reached skill level 1 in Evocations
  6369 | D:6      | Reached XP level 9. HP: 73/80 MP: 10/10
  6383 | D:6      | Reached skill level 5 in Fighting
  6387 | D:6      | Found an opulent altar of Gozag.
  6689 | D:7      | Found a white marble altar of Elyvilon.
  6913 | D:7      | Found a basalt altar of Yredelemnul.
  6961 | D:7      | Found a staircase to the Ecumenical Temple.
  6987 | Temple   | Entered the Ecumenical Temple
  7904 | D:8      | Reached * piety under Makhleb
  8031 | D:8      | Noticed a two-headed ogre
  8037 | D:8      | Killed a two-headed ogre
  8037 | D:8      | Reached skill level 5 in Evocations
  8037 | D:8      | Reached XP level 10. HP: 88/92 MP: 13/13
  8237 | D:8      | Found a runed translucent gate.
  8237 | D:8      | Found a runed translucent gate.
  8237 | D:8      | Found a runed translucent gate.
  8237 | D:8      | Found an opulent altar of Gozag.
  8237 | D:8      | Noticed hemabe's ghost (novice HuAr)
  8237 | D:8      | Noticed an orc high priest
  8439 | D:8      | Got an ancient ring mail
  8450 | D:8      | Found a glowing golden altar of the Shining One.
  8461 | D:8      | Identified the +1 ring mail of Hedging {Dex+4} (You found
                  | it on level 8 of the Dungeon)
  8737 | D:9      | Noticed a skeletal warrior
  8739 | D:9      | Noticed a cyan ugly thing
  8741 | D:9      | Noticed a green ugly thing
  8960 | D:9      | Noticed a purple ugly thing
  8973 | D:8      | Killed a purple ugly thing
  8973 | D:8      | Reached skill level 5 in Armour
  9350 | D:9      | Reached ** piety under Makhleb
  9397 | D:9      | Noticed Maggie
  9408 | D:9      | Killed Maggie
  9468 | D:9      | Noticed a gargoyle
  9535 | D:9      | Killed a green ugly thing
  9542 | D:9      | Killed a cyan ugly thing
  9641 | D:9      | Slain by a gargoyle

Levels and vault maps discovered:
D:1:      dpeg_arrival_shelter, layout_loops_ring, roderic_lattice_a,
          serial_bayou_lagoon_a, minmay_hexomino_u4
D:2:      layout_basic, serial_bayou, serial_bayou_shore_b,
          serial_bayou_shore_a, serial_bayou_ford_a, serial_bayou_pond_d,
          serial_bayou_lake_a, serial_bayou_pond_c
D:3:      layout_basic, trog_eyes_of_draining, overflow_temple_1_default,
          serial_curves, eino_curves_03, eino_curves_03, eino_curves_04,
          eino_curves_04, first_ration, item_on_display_a
D:4:      layout_cave_pods, kennysheep_mini_moat, kennysheep_mini,
          serial_forest, infiniplex_forest_diagonal,
          infiniplex_forest_straight_1, infiniplex_forest_lined_1,
          infiniplex_forest_clump_tiny, infiniplex_forest_end_3,
          infiniplex_forest_lined_room_2
D:5:      layout_loops_ring, minmay_overflow_temple_hex, roderic_roman_lattice,
          uniq_duvessa
D:6:      layout_basic, lemuel_round_altar, minmay_holes
D:7:      layout_loops_ring, kennysheep_ying_yang,
          minmay_temple_entry_statues_pillars
D:8:      layout_basic, ebering_ghost_gozag, basic_altar
D:9:      minmay_blocky_corners, layout_rooms, david_nohive_1, kb_rosetta,
          uniq_maggie
Temple:   jpeg_temple_island

Skill      XL: |  1  2  3  4  5  6  7  8  9 10 |
---------------+-------------------------------+-----
Axes           | 4 5 6 7 9 10 | 10.0
Fighting       | 4 6 8 |  8.0
Armour         | 1 4 7 |  7.6
Evocations     | 1 5 |  5.1
Throwing       | |  1.7
Dodging        | |  2.4

Action                   |  1- 3 |  4- 6 |  7- 9 | 10-12 || total
-------------------------+-------+-------+-------+-------++-------
Melee: War axe           |    98 |   206 |   276 |   198 ||   778
 Abil: Spit Poison       |     4 |       |     6 |     1 ||    11
Evoke: Wand              |       |       |     8 |    19 ||    27
  Use: Scroll            |       |     5 |    12 |     2 ||    19
       Potion            |       |       |     2 |       ||     2
 Stab: Paralysed         |       |       |     7 |       ||     7
  Eat: Chunk             |     2 |     8 |     7 |       ||    17
       Ration            |       |       |     2 |       ||     2
Armor: Leather armour    |    31 |    35 |       |       ||    66
       Chain mail        |       |    55 |    65 |       ||   120
       Skin              |       |       |    24 |       ||    24
       Plate armour      |       |       |    89 |   177 ||   266
       Acid dragon scale |       |       |       |     7 ||     7
Dodge: Dodged            |    69 |    77 |    55 |    60 ||   261

Table legend:
 A = Non-vault XP
 B = Vault XP
 C = Vault XP percentage of total XP
 D = Non-vault monster count
 E = Vault monster count
 F = Vault count percentage of total count
                 A         B        C        D         E       F
            +---------+---------+-------+---------+---------+-------
      Total |    5517 |    3495 |  38.8 |     189 |      26 |  12.1
            +---------+---------+-------+---------+---------+-------
        D:1 |      69 |       8 |  10.4 |      29 |       5 |  14.7
        D:2 |      43 |       0 |   0.0 |      15 |       0 |   0.0
        D:3 |     178 |     265 |  59.8 |      41 |       4 |   8.9
        D:4 |     159 |       0 |   0.0 |       9 |       0 |   0.0
        D:5 |     911 |     231 |  20.2 |      22 |       2 |   8.3
        D:6 |     677 |       0 |   0.0 |      18 |       0 |   0.0
        D:7 |     664 |       0 |   0.0 |       9 |       0 |   0.0
        D:8 |    2362 |    1020 |  30.2 |      33 |       6 |  15.4
        D:9 |     454 |    1971 |  81.3 |      13 |       9 |  40.9
            +---------+---------+-------+---------+---------+-------
